 Dungeon Crawl Stone Soup version 0.30-a0-12-gd8047c6341 (webtiles) character file.

Game seed: 9373640621636172342

119 SensoryNuts the Trooper (level 5, -8/47 HPs)
             Began as a Hill Orc Fighter on Aug 23, 2022.
             Mangled by a gnoll
             ... wielding a +1 spear of distortion
              (15 damage)
             ... on level 3 of the Dungeon.
             The game lasted 00:02:34 (2916 turns).

SensoryNuts the Trooper (Hill Orc Fighter)          Turns: 2916, Time: 00:02:35

Health: -8/47      AC:  9    Str: 19    XL:     5   Next: 3%
Magic:  5/5        EV:  9    Int:  8    God:
Gold:   135        SH:  4    Dex: 12    Spells: 4/4 levels left

rFire   . . .      SeeInvis .    a - +0 war axe
rCold   . . .      Faith    .    c - +0 buckler
rNeg    . . .      Spirit   .    b - +0 scale mail
rPois   .          Reflect  .    f - +0 helmet
rElec   .          Harm     .    (no cloak)
rCorr   .          Rampage  .    j - +0 pair of gloves
Will    .....                    (no boots)
Stlth   ..........               (no amulet)
HPRegen 0.15/turn                (no ring)
MPRegen 0.09/turn                (no ring)

@: no status effects
A: no striking features
a: no special abilities


You were on level 3 of the Dungeon.
You visited 1 branch of the dungeon, and saw 3 of its levels.

You collected 135 gold pieces.

Inventory:

Hand Weapons
 a - a +0 war axe (weapon)
Armour
 b - a +0 scale mail (worn)
 c - a +0 buckler (worn)
 f - a +0 helmet (worn)
 j - a +0 pair of gloves (worn)
 u - the +3 scale mail of Apsirphoe {rC- Str+4 Int-3 Dex+8}
   (You found it on level 3 of the Dungeon)

   Str:       It affects your strength (+4).
   Int:       It affects your intelligence (-3).
   Dex:       It affects your dexterity (+8).
   rC:        It makes you vulnerable to cold.
Jewellery
 e - a ring of positive energy
Scrolls
 k - a scroll of acquirement {unknown}
 l - a scroll of summoning {unknown}
 m - a scroll of fog {unknown}
 n - 2 scrolls of poison {unknown}
 o - a scroll of enchant weapon {unknown}
 p - a scroll of identify {unknown}
 r - a scroll of teleportation
Potions
 d - a potion of might
 g - a potion of curing {unknown}
 h - a potion of ambrosia {unknown}
 i - a potion of attraction {unknown}
 q - a potion of brilliance {unknown}
 s - 2 potions of cancellation {unknown}
 t - a potion of lignification {unknown}


   Skills:
 + Level 4.6 Fighting
 + Level 4.4 Axes
 + Level 4.1 Armour
 + Level 0.3 Dodging
 + Level 3.7 Shields


You had 4 spell levels left.
You didn't know any spells.
Your spell library was empty.

Dungeon Overview and Level Annotations

Branches:
Dungeon (3/15)

Altars:


Message History

No target in view!
No target in view!
No target in view!
No target in view!
No target in view!
You see here a +0 spear.
You now have 135 gold pieces (gained 8).
You open the door.
There is an open door here.
You see here the +3 scale mail of Apsirphoe {rC- Str+4 Int-3 Dex+8}.
A gnoll comes into view.
It is wielding a +1 spear of distortion.
The gnoll shouts!
A gnoll comes into view. It is wielding a +0 flail.
You see here the +3 scale mail of Apsirphoe {rC- Str+4 Int-3 Dex+8}.
u - the +3 scale mail of Apsirphoe {rC- Str+4 Int-3 Dex+8} You swing at nothing.
You closely miss the gnoll. The gnoll hits you with a +0 flail!
You slash the gnoll!
The gnoll is severely wounded.
The gnoll hits you but does no damage. x2; Space warps around you.
You hit the gnoll.
You kill the gnoll!
The gnoll closely misses you. The gnoll hits you but does no damage.
Space warps around you.
Your Armour skill increases to level 4!
You have reached level 5!
You feel stronger. The gnoll misses you.
You see here a +0 flail.
You hit the gnoll.
The gnoll is heavily wounded.
The gnoll hits you with a +1 spear of distortion.
Space warps horribly around you!
* * * LOW HITPOINT WARNING * * *
You hit the gnoll.
The gnoll is almost dead.
The gnoll hits you with a +1 spear of distortion.
* * * LOW HITPOINT WARNING * * *
Space warps horribly around you!
You die...

##.## #.# #.# #### ##+##
#... ##### ##...## #.##
#.... ##.....## #.##
#.#.## ##.......###.##
#....####.........##...
###....g@.'......)..'....
#......####.........##...
#.#.#.## ##.......###...
# #.# ##.^...## #### #.#
##...## #.# ##+## #.# #g#
#.#


You could see a gnoll.

Vanquished Creatures
  3 adders
  A gnoll (D:3)
  A worm (D:2)
  2 dart slugs (D:2)
  An orc (D:3)
  10 ball pythons
  9 bats
  11 endoplasms
  3 giant cockroaches
  4 goblins
  2 hobgoblins
  3 quokkas
  9 frilled lizards
  8 kobolds
  7 rats
74 creatures vanquished.

Vanquished Creatures (others)
  6 plants (D:3)
6 creatures vanquished.

Grand Total: 80 creatures vanquished

Notes
Turn   | Place    | Note
-------+----------+-------------------------------------------
     0 | D:1      | SensoryNuts the Hill Orc Fighter began the quest for the
                  | Orb.
     0 | D:1      | Reached XP level 1. HP: 19/19 MP: 1/1
   135 | D:1      | Reached XP level 2. HP: 26/27 MP: 2/2
   449 | D:1      | Reached XP level 3. HP: 30/33 MP: 3/3
  1465 | D:2      | Reached XP level 4. HP: 24/41 MP: 4/4
  2899 | D:3      | Identified the +3 scale mail of Apsirphoe {rC- Str+4 Int-3
                  | Dex+8}
  2914 | D:3      | Reached XP level 5. HP: 28/47 MP: 5/5
  2916 | D:3      | Mangled by a gnoll

Illustrated notes

Levels and vault maps discovered:
D:1:      spicycebolla_arrival_ecumenical, layout_loops_ring
D:2:      layout_basic, nicolae_figureground_pulse
D:3:      layout_loops_corners, minmay_lizard_king

Skill      XL: |  1  2  3  4 |
---------------+-------------+-----
Axes           | 3 4 |  4.4
Fighting       | 4 |  4.6
Armour         | 4 |  4.1
Dodging        | |  0.3
Shields        | |  3.7

Action                   |  1- 3 |  4- 6 || total
-------------------------+-------+-------++-------
Melee: War axe           |   115 |    85 ||   200
  Use: Scroll            |     3 |       ||     3
Armor: Scale mail        |    58 |    32 ||    90
Dodge: Dodged            |    68 |    48 ||   116
Block: Buckler           |    24 |    18 ||    42

Table legend: (Time is in decaauts)
 A = Elapsed time spent in this place.
 B = Non-inter-level travel time spent in this place.
 C = Inter-level travel time spent in this place.
 D = Time resting spent in this place.
 E = Time spent auto-exploring this place.
 F = Levels seen in this place.
 G = Mean time per level.
                   A        B        C        D        E       F      G
               +--------+--------+--------+--------+--------+-----+--------+
         Total |   2985 |   2876 |    109 |      0 |   2358 |   3 |  995.0 |
       Dungeon |   2985 |   2876 |    109 |      0 |   2358 |   3 |  995.0 |
               +--------+--------+--------+--------+--------+-----+--------+

Top non-repeatable levels by time:
     D:2: 1149 daAuts
     D:1: 966 daAuts
     D:3: 870 daAuts
